 Dungeon Crawl Stone Soup version 0.22-a0-877-g5c4e1afb51 (console) character file.

80 Lexodia the Skirmisher (level 4, 0/73 HPs)
             Began as an Ogre Berserker on July 29, 2018.
             Was a Follower of Trog.
             Slain by an orc wizard
             ... wielding a +0 dagger
              (2 damage)
             ... on level 3 of the Dungeon.
             The game lasted 00:01:58 (1283 turns).

Lexodia the Skirmisher (Ogre Berserker)             Turns: 1283, Time: 00:01:59

Health: 0/73       AC:  3    Str: 27    XL:     4   Next: 39%
Magic:  0/4        EV: 10    Int:  8    God:    Trog [*.....]
Gold:   69         SH:  0    Dex:  8    Spells: 3/3 levels left

rFire    . . .     SeeInvis .   k - +1 whip (venom)
rCold    . . .     Gourm    .   (no shield)
rNeg     . . .     Faith    .   b - +0 animal skin
rPois    .         Spirit   +   (helmet restricted)
rElec    .         Reflect  .   (no cloak)
rCorr    .         Harm     .   (gloves unavailable)
MR       .....                  (boots unavailable)
Stlth    ..........             j - amulet of guardian spirit
HPRegen  0.22/turn              (no ring)
MPRegen  0.09/turn              (no ring)

@: berserking (expiring), very quick
A: large, unfitting armour, tough skin 1
a: Berserk, Renounce Religion


You were on level 3 of the Dungeon.
You worshipped Trog.
Trog was aware of your devotion.
You were very hungry.

You visited 1 branch of the dungeon, and saw 3 of its levels.

You collected 69 gold pieces.

Inventory:

Hand Weapons
 a - a +0 mace
 k - a +1 whip of venom (weapon)
Armour
 b - a +0 animal skin (worn)
Jewellery
 j - an amulet of guardian spirit (around neck)
Scrolls
 e - a scroll of identify {unknown}
 h - a scroll of fog {unknown}
 i - a scroll of magic mapping {unknown}
 o - a scroll of noise {unknown}
 p - a scroll of teleportation {unknown}
Potions
 d - a potion of magic {unknown}
 f - 2 potions of lignification {unknown}
 g - a potion of heal wounds {unknown}
 l - 2 potions of brilliance {unknown}
 n - a potion of might {unknown}
Comestibles
 c - 5 rations
 m - a chunk of flesh


   Skills:
 + Level 4.8 Fighting
 * Level 3.8 Maces & Flails
 + Level 3.2 Dodging


You had 3 spell levels left.
You didn't know any spells.
Your spell library was empty.

Dungeon Overview and Level Annotations

Branches:
Dungeon (3/15)

Altars:


Innate Abilities, Weirdness & Mutations

You are too large for most types of armour.
You have tough skin. (AC +1)


Message History

* * * LOW HITPOINT WARNING * * *
Huge Dmg: -12%(-7hp) hp: 10%(6hp)
You are feeling very hungry.
You closely miss something. You barely miss something.
Something hits you but does no damage.
The orc priest hits you but does no damage.
You miss something. Something hits you.
* * * LOW HITPOINT WARNING * * *
Damage: -1%(-1hp) hp: 9%(5hp)
You closely miss something.
You kill the orc priest!
Trog accepts your kill.
You have reached level 4!
You barely miss the orc. Something hits you but does no damage.
The orc hits you with a mace.
* * * LOW HITPOINT WARNING * * *
Huge Dmg: -7%(-5hp) hp: 3%(2hp)
You hit something. You barely miss something. Something hits you.
You die...

#.# #.# #.#
#.# #.# #^#
#.#########.##
#.....o@)..<.#
......{####..#
.#####. #..#
.. .#.# #.. #
#. #.. #. ###
##


You could see an orc.

Vanquished Creatures
  An orc priest (D:3)
  2 adders
  2 orcs (D:3)
  6 bats
  A goblin (D:1)
  4 hobgoblins (D:1)
  6 jackals (D:2)
  2 ball pythons (D:1)
  A frilled lizard (D:1)
  2 kobolds (D:1)
  A rat (D:1)
28 creatures vanquished.

Notes
Turn   | Place    | Note
-------+----------+-------------------------------------------
     0 | D:1      | Lexodia the Ogre Berserker began the quest for the Orb.
     0 | D:1      | Reached XP level 1. HP: 24/24 MP: 1/1
    87 | D:1      | Reached XP level 2. HP: 24/32 MP: 2/2
   173 | D:1      | Huge Dmg: 11 dmg
   188 | D:1      | Huge Dmg: 2 dmg
   706 | D:1      | Reached XP level 3. HP: 34/40 MP: 1/3
   830 | D:2      | Huge Dmg: 9 dmg
   849 | D:2      | Huge Dmg: 3 dmg
  1267 | D:3      | Huge Dmg: 12 dmg
  1269 | D:3      | Huge Dmg: 11 dmg
  1272 | D:3      | Huge Dmg: 12 dmg
  1274 | D:3      | Huge Dmg: 5 dmg
  1277 | D:3      | Huge Dmg: 7 dmg
  1280 | D:3      | Reached XP level 4. HP: 7/49 MP: 0/4
  1281 | D:3      | HP: 2/73 [orc/mace (5)]
  1282 | D:3      | Huge Dmg: 5 dmg
  1283 | D:3      | Slain by an orc wizard

Vault maps used:
D:1:      scummos_arrival_hexagon, hangedman_glass_garden,
          minmay_shallow_snake_nest

Skill      XL: |  1  2 |
---------------+-------+-----
Maces & Flails | 3 |  3.8
Dodging        | 3 |  3.2
Fighting       | |  4.8

Action                   |  1- 3 |  4- 6 || total
-------------------------+-------+-------++-------
Melee: Mace              |    36 |       ||    36
       Whip              |    53 |     3 ||    56
Invok: Berserk           |     1 |       ||     1
  Eat: Chunk             |     1 |       ||     1
Armor: Animal skin       |    42 |     1 ||    43
Dodge: Dodged            |    66 |       ||    66

Table legend:
 A = Spawn XP
 B = Non-spawn XP
 C = Spawn XP percentage of total XP
 D = Spawn monster count
 E = Non-spawn monster count
 F = Spawn count percentage of total count
 G = Total turns spent on level
                    A         B        C        D         E        F      G
               +---------+---------+-------+---------+---------+-------+---------
         Total |       0 |     115 |   0.0 |       0 |      28 |   0.0 |  1283
               +---------+---------+-------+---------+---------+-------+---------
           D:1 |       0 |      39 |   0.0 |       0 |      17 |   0.0 |   825
           D:2 |       0 |      27 |   0.0 |       0 |       8 |   0.0 |   437
           D:3 |       0 |      49 |   0.0 |       0 |       3 |   0.0 |    21
               +---------+---------+-------+---------+---------+-------+---------
